 Dungeon Crawl Stone Soup version 0.17.1-2-g5865329 (webtiles) character file.

339 JustSomeDude the Covered (level 6, -2/47 HPs)
             Began as a Demonspawn Fighter on Jan 24, 2016.
             Slain by an iguana (3 damage)
             ... on level 5 of the Dungeon.
             The game lasted 00:08:16 (4609 turns).

JustSomeDude the Covered (Demonspawn Fighter)       Turns: 4609, Time: 00:08:16

Health: -2/47      AC:  8    Str: 18    XL:     6   Next: 29%
Magic:  6/6        EV:  8    Int:  9    God:
Gold:   168        SH:  9    Dex: 13    Spells: 0 memorised, 5 levels left

rFire  + . .     SeeInvis .     m - +0 short sword
rCold  . . .     Clarity  .     b - +0 scale mail
rNeg   . . .     SustAt   .     c - +0 shield
rPois  .         Gourm    .     (no helmet)
rElec  .         Spirit   .     (no cloak)
rCorr  .         Warding  .     C - +0 pair of gloves
rMut   .         Stasis   .     (no boots)
MR     .....                    z - amulet of rage
Stlth  ++........               (no ring)
                                t - ring of protection from fire

@: not resistant to hostile enchantments, unstealthy
A: claws 2, nightstalker 1
a: Evoke Berserk Rage


You were on level 5 of the Dungeon.
You were not hungry.

You visited 1 branch of the dungeon, and saw 5 of its levels.

You collected 168 gold pieces.

Inventory:

Hand Weapons
 m - a +0 short sword (weapon)
Missiles
 s - 7 javelins (quivered)
Armour
 b - a +0 scale mail (worn)
 c - a +0 shield (worn)
 C - a +0 pair of gloves (worn)
Jewellery
 t - a ring of protection from fire (left hand)
 z - an amulet of rage (around neck)
 D - the amulet of the Priest {Faith rElec rN+ MP+9, unknown}
   (You found it on level 5 of the Dungeon)

   [amulet of faith]

   It allows you to gain divine favour quickly.
   It insulates you from electricity.
   It protects you from negative energy.
   It affects your magic capacity (+9).
Wands
 E - a wand of fire (5)
Scrolls
 d - 3 scrolls of magic mapping {unknown}
 g - 2 scrolls of identify {unknown}
 h - a scroll of fog {unknown}
 i - 2 scrolls of immolation {unknown}
 n - a scroll of fear {unknown}
 o - 2 scrolls of remove curse
 q - a scroll of random uselessness
 u - a scroll of amnesia {unknown}
 v - a scroll of teleportation {unknown}
 w - a scroll of enchant weapon {unknown}
 y - a scroll of enchant armour {unknown}
Potions
 f - a potion of resistance
 r - a potion of haste {unknown}
 x - a potion of agility {unknown}
 A - a potion of heal wounds {unknown}
Books
 k - a book of Unlife

   Spells                             Type                      Level
   a - Recall                         Summoning/Translocation      3
   b - Animate Dead                   Necromancy                   4
   c - Control Undead                 Necromancy                   4
   d - Cigotuvi's Embrace             Necromancy                   5
   e - Death Channel                  Necromancy                   6
   f - Simulacrum                     Ice/Necromancy               6
 p - a book of Callings

   Spells                             Type                      Level
   a - Summon Small Mammal            Summoning                    1
   b - Call Imp                       Summoning                    2
   c - Call Canine Familiar           Summoning                    3
   d - Summon Guardian Golem          Hexes/Summoning              3
   e - Summon Lightning Spire         Summoning/Air                4
   f - Summon Ice Beast               Ice/Summoning                4
Miscellaneous
 l - a plain deck of changes
Comestibles
 a - 2 slices of pizza
 e - 2 bread rations
 j - a beef jerky
 B - 2 fruits


   Skills:
 + Level 3.6 Fighting
 + Level 1.2 Short Blades
   Level 2.0 Polearms
 + Level 4.0 Armour
 + Level 1.8 Dodging
 * Level 2.2 Stealth
 + Level 3.7 Shields


You had 5 spell levels left.
You didn't know any spells.

Dungeon Overview and Level Annotations

Branches:
Dungeon (5/15)
 Temple: D:4-7

Altars:
Nemelex Xobeh
Ru
Sif Muna
Trog


Innate Abilities, Weirdness & Mutations

You have very sharp fingernails.
You are slightly more attuned to the shadows.


Message History

You block the iguana's attack.
You hit the iguana.
The iguana is severely wounded.
You block the iguana's attack.
Your shield and scale mail prevent you from hitting the iguana.
The iguana is severely wounded.
The iguana bites you.
* * * LOW HITPOINT WARNING * * *
You hit the iguana but do no damage.
The iguana is severely wounded.
The iguana completely misses you.
You hit the iguana but do no damage.
The iguana is severely wounded.
The iguana bites you!
* * * LOW HITPOINT WARNING * * *
You block the iguana's attack.
You barely miss the iguana.
The iguana is severely wounded.
The iguana bites you.
You die...

### ##.#####
#############.#....##
#.......>...[###.....
#.###..######.#....##
#.....# ##.##..##
#.###..##.# ####....
#..l@..# # #.##.
###.##.# #.##. #. #.#
#.##. #. .# #.### #.
.# #. ## .#


You could see an iguana.

Vanquished Creatures
  The ghost of Aviak the Destroyer, an amateur TeCj (D:3)
  A scorpion (D:5)
  A hound (D:4)
  3 worker ants (D:4)
  2 adders
  2 worms
  2 giant geckos
  2 orcs (D:3)
  2 ball pythons
  4 bats
  4 giant cockroaches
  11 hobgoblins
  8 kobolds
  A quokka (D:3)
  A giant gecko skeleton (D:4)
  7 giant newts
  5 goblins
  6 rats
63 creatures vanquished.

Notes
Turn   | Place    | Note
--------------------------------------------------------------
     0 | D:1      | JustSomeDude the Demonspawn Fighter began the quest for the Orb.
     0 | D:1      | Reached XP level 1. HP: 18/18 MP: 1/1
   180 | D:1      | Gained mutation: You are slightly more attuned to the shadows. [demonic ancestry]
   180 | D:1      | Reached XP level 2. HP: 16/24 MP: 2/2
   942 | D:2      | Found a bloodstained altar of Trog.
   983 | D:2      | Found a sparkling altar of Nemelex Xobeh.
  1116 | D:3      | Gained mutation: You have sharp fingernails. [demonic ancestry]
  1116 | D:3      | Reached XP level 3. HP: 29/29 MP: 3/3
  1546 | D:3      | Noticed Aviak's ghost (amateur TeCj)
  1560 | D:3      | Killed Aviak's ghost
  1560 | D:3      | Reached skill level 1 in Dodging
  1560 | D:3      | Reached skill level 1 in Stealth
  1560 | D:3      | Reached XP level 4. HP: 14/35 MP: 4/4
  1560 | D:3      | Gained mutation: You have very sharp fingernails. [demonic ancestry]
  1560 | D:3      | Reached XP level 5. HP: 16/41 MP: 5/5
  1975 | D:3      | Found a deep blue altar of Sif Muna.
  2365 | D:4      | Reached skill level 1 in Short Blades
  3219 | D:4      | Reached XP level 6. HP: 18/47 MP: 6/6
  3669 | D:4      | Found a sacrificial altar of Ru.
  3703 | D:4      | HP: 2/47 [worm (9)]
  4198 | D:5      | Entered Level 5 of the Dungeon
  4202 | D:5      | Got a fine diamond amulet
  4323 | D:5      | Reached skill level 4 in Armour
  4608 | D:5      | HP: 1/47 [iguana (8)]
  4609 | D:5      | Slain by an iguana

Action                   |  1- 3 |  4- 6 || total
-------------------------+-------+-------++-------
Melee: Trident           |    63 |       ||    63
       Short sword       |    83 |   230 ||   313
       Dagger            |     5 |       ||     5
  Use: Potion            |     2 |     4 ||     6
       Scroll            |       |     2 ||     2
 Stab: Sleeping          |       |     3 ||     3
  Eat: Chunk             |     2 |     5 ||     7
       Meat ration       |       |     1 ||     1
